Map: Frozen Temple

Players

BUSDRIVER - Winner!

  • Race: Protoss Protoss
  • League: Diamond

KombatWombat

  • Race: Zerg Zerg
  • League: Diamond

VOD

Have the link to the VOD?

Description

3 stargate opener, Oracles / Voids

Time

  • Played on: April 4, 2016, 8:02 p.m.
  • Length: 21:04
Show
View Real Time Build Order
Export as new Build Order

BUSDRIVER Protoss - Winner!

Build Orders: 1 Gate Expand 

Get SALT Encoding   

  12  0:01  Probe (Chrono Boost)  
  13  0:11  Probe (Chrono Boost)  
  14  0:24  Pylon  
  14  0:25  Probe (Chrono Boost)  
  15  0:42  Probe (Chrono Boost)  
  16  0:49  Gateway  
  16  0:53  Probe (Chrono Boost)  
  17  0:57  Assimilator  
  17  1:01  Assimilator  
  17  1:03  Probe (Chrono Boost)  
  18  1:14  Probe (Chrono Boost)  
  19  1:24  Probe (Chrono Boost)  
  20  1:35  Probe (Chrono Boost)  
  20  1:38  Nexus  
  21  1:49  Cybernetics Core  
  21  1:58  Pylon  
  21  2:03  Probe (Chrono Boost)  
  22  2:14  Probe (Chrono Boost)  
  23  2:21  Forge  
  23  2:24  Probe (Chrono Boost)  
  23  2:28  Stalker (Chrono Boost)  
  26  2:35  Pylon  
  26  2:40  Probe  
  27  2:50  Assimilator  
  27  2:53  Probe  
  27  2:55  Probe  
  29  3:05  Probe  
  30  3:06  Probe  
  31  3:12  Photon Cannon  
  31  3:17  Probe x2  
  33  3:27  Probe  
  33  3:29  Assimilator, Probe  
  35  3:36  Pylon  
  35  3:37  Pylon  
  36  3:41  Probe  
  36  3:49  Probe  
  37  3:57  Photon Cannon  
  37  3:58  Photon Cannon  
  37  4:00  Probe x2  
  39  4:10  Stargate  
  39  4:12  Probe  
  39  4:16  Stargate  
  40  4:17  Probe  
  41  4:24  Stargate  
  41  4:28  Probe x2  
  43  4:38  Probe  
  43  4:40  Probe  
  45  4:46  Photon Cannon  
  45  4:54  Photon Cannon  
  45  4:55  Pylon  
  45  4:58  Oracle  
  48  5:01  Oracle  
  51  5:07  Oracle (Chrono Boost)  
  51  5:12  Mothership Core  
  51  5:13  Pylon  
  54  5:16  Probe  
  57  5:33  Probe  
  61  5:36  Oracle (Chrono Boost)  
  61  5:37  Oracle (Chrono Boost)  
  64  5:43  Oracle (Chrono Boost)  
  64  5:46  Pylon  
  64  5:47  Pylon  
  67  5:52  Pylon  
  67  6:01  Protoss Air Weapons Level 1 (Chrono Boost)  
  67  6:04  Void Ray  
  67  6:10  Void Ray  
  75  6:15  Void Ray  
  79  6:24  Photon Cannon  
  79  6:52  Void Ray  
  76  6:57  Void Ray  
  76  6:58  Void Ray  
  88  7:29  Void Ray  
  88  7:31  Nexus  
  88  7:34  Pylon  
  92  7:40  Void Ray  
  92  7:41  Void Ray  
  100  8:11  Void Ray  
  104  8:23  Void Ray  
  104  8:24  Void Ray  
  104  8:46  Probe  
  104  8:48  Void Ray  
  109  8:56  Probe  
  110  9:04  Assimilator  
  110  9:06  Void Ray, Assimilator  
  110  9:07  Void Ray, Probe  
  119  9:17  Probe  
  120  9:25  Void Ray  
  120  9:28  Probe  
  122  9:38  Probe  
  123  9:49  Void Ray x2, Probe  
  132  10:00  Probe  
  133  10:18  Robotics Facility  
  133  10:19  Robotics Facility  
  133  10:22  Pylon  
  133  10:23  Pylon  
  133  10:24  Pylon  
  133  10:51  Probe  
  133  10:54  Photon Cannon  
  133  10:56  Photon Cannon  
  134  11:02  Probe  
  133  11:19  Mothership Core  
  123  11:45  Probe  
  124  11:47  Robotics Bay  
  124  11:49  Pylon  
  124  11:55  Probe  
  117  12:06  Probe  
  104  12:30  Gateway x2  
  104  12:32  Gateway  
  104  12:34  Colossus x2  
  104  12:35  Extended Thermal Lance  
  104  12:36  Gateway  
  116  12:37  Gateway  
  116  12:49  Photon Cannon  
  116  12:51  Photon Cannon  
  116  12:54  Photon Cannon  
  116  12:56  Photon Cannon  
  116  12:58  Photon Cannon  
  112  12:59  Photon Cannon  
  112  13:22  Photon Cannon  
  112  13:27  Colossus x2  
  118  13:45  Zealot  
  118  13:46  Zealot x3  
  126  13:52  Cybernetics Core  
  120  14:21  Colossus  
  126  15:10  Pylon  
  126  15:13  Pylon  
  126  15:15  Pylon  
  126  15:19  Pylon  
  126  15:28  Stalker x4  
  134  15:30  Stalker, Colossus  
  142  15:59  Stalker x2  
  142  16:00  Stalker x3  
  152  16:30  Sentry x3  
  158  16:34  Pylon  
  158  16:52  Sentry x2  
  162  16:56  Sentry x2  
  148  18:59  Observer  
  148  19:00  Stalker x3  
  148  19:01  Stalker  
  157  19:21  Observer  
Show
View Real Time Build Order
Export as new Build Order

KombatWombat Zerg 

Build Orders: Hatch First 

Get SALT Encoding   

  12  0:05  Drone  
  13  0:17  Overlord  
  13  0:19  Drone  
  14  0:26  Extractor  
  14  0:27  Drone  
  15  0:38  Drone  
  15  0:41  Drone  
  17  1:00  Hatchery  
  17  1:01  Drone  
  17  1:04  Drone  
  18  1:12  Drone, Extractor  
  18  1:28  Drone  
  18  1:29  Spawning Pool  
  18  1:35  Drone  
  19  1:49  Overlord  
  19  2:00  Drone  
  20  2:17  Queen x2  
  20  2:19  Metabolic Boost  
  24  2:31  Zergling x6  
  24  2:35  Drone x3  
  30  2:46  Drone x2  
  32  2:56  Hatchery  
  31  3:14  Queen x2  
  31  3:16  Overlord  
  35  3:21  Drone  
  36  3:40  Drone x3  
  36  3:41  Drone  
  40  3:45  Drone x2  
  42  3:57  Drone x2  
  42  4:01  Extractor  
  43  4:03  Drone  
  43  4:06  Overlord x2  
  44  4:16  Queen  
  46  4:19  Drone x2  
  46  4:20  Drone x2  
  46  4:23  Overlord x2  
  50  4:25  Drone  
  50  4:26  Extractor  
  50  4:27  Extractor  
  50  4:28  Lair  
  50  4:30  Drone  
  50  4:31  Drone x3  
  53  4:36  Drone x3  
  56  4:41  Drone x2  
  56  4:42  Drone  
  59  4:48  Drone  
  59  4:51  Drone x2  
  62  4:57  Evolution Chamber  
  61  5:00  Evolution Chamber  
  61  5:03  Drone x5  
  65  5:08  Drone  
  66  5:15  Drone x2  
  66  5:20  Drone x4  
  72  5:25  Zerg Missile Weapons Level 1  
  72  5:26  Zerg Ground Armor Level 1  
  72  5:33  Hydralisk Den  
  72  5:34  Overseer  
  71  5:36  Overlord x2  
  71  5:37  Drone x5  
  71  5:40  Drone x2  
  78  5:47  Drone  
  78  5:48  Drone x3  
  82  6:00  Extractor  
  82  6:01  Extractor  
  80  6:04  Hydralisk  
  80  6:05  Hydralisk x6  
  80  6:10  Overseer x2  
  94  6:12  Overlord  
  94  6:13  Overlord  
  94  6:14  Overlord  
  94  6:26  Hydralisk x2  
  91  6:45  Hydralisk  
  91  6:46  Hydralisk x7  
  79  7:00  Hydralisk Den  
  78  7:01  Spore Crawler  
  78  7:03  Spore Crawler  
  76  7:16  Drone  
  76  7:17  Drone  
  78  7:23  Zerg Ground Armor Level 2, Zerg Missile Weapons Level 2  
  78  7:26  Drone  
  78  7:27  Drone x12  
  91  7:33  Muscular Augments  
  91  7:36  Hydralisk x2  
  95  7:52  Hydralisk x3  
  101  7:59  Drone x4  
  105  8:12  Spore Crawler  
  104  8:14  Hydralisk  
  104  8:15  Hydralisk x5  
  116  8:28  Hydralisk x3  
  116  8:31  Lair  
  122  8:45  Overlord x3  
  122  8:52  Hatchery  
  120  9:07  Hatchery  
  119  9:12  Hydralisk x3  
  125  9:23  Overlord x3  
  125  9:29  Lurker Den  
  121  10:12  Hatchery  
  111  10:15  Hydralisk x3  
  117  10:25  Hatchery  
  117  10:26  Extractor  
  117  10:27  Hydralisk x3  
  121  10:29  Overlord  
  121  10:30  Extractor  
  120  10:55  Hydralisk  
  120  10:56  Hydralisk x4  
  128  11:04  Hydralisk  
  128  11:07  Hydralisk  
  117  11:36  Hydralisk x2  
  121  11:46  Hatchery  
  111  12:18  Hydralisk Den  
  107  13:02  Zergling x6  
  92  13:22  Hatchery  
  92  13:24  Hydralisk  
  92  13:25  Hydralisk x3  
  82  13:39  Drone  
  82  13:47  Drone x2  
  84  14:02  Drone x2  
  86  14:03  Drone  
  86  14:08  Lurker Den  
  87  14:13  Drone x3  
  90  14:20  Hatchery  
  88  14:49  Drone x3  
  88  14:50  Drone x3  
  94  14:53  Extractor  
  92  15:19  Drone x5  
  92  15:20  Drone  
  98  15:34  Spawning Pool  
  97  15:56  Hatchery  
  96  16:30  Drone x4  
  96  16:31  Drone  
  101  16:47  Zergling x8  
  105  17:07  Lurker x2  
  83  17:42  Hydralisk x2  
  82  17:47  Hydralisk  
  82  17:58  Lurker  
  82  17:59  Lurker  
  78  18:05  Lurker  
  76  18:14  Lurker  
  76  18:15  Lurker  
  76  18:16  Lurker  
  77  18:24  Extractor  
  70  18:35  Hatchery  
  39  19:17  Overlord x2  
  39  19:18  Overlord x2  
  39  19:37  Drone  
  39  19:38  Drone x5  
  45  20:09  Extractor  
  45  20:10  Drone, Extractor  
  45  20:11  Drone x2  
  46  20:24  Drone  
  47  20:33  Spawning Pool  
Tags
 
Add a new tag
Caveats
  • Supply blocks, unpowered buildings, or Contaminate may cause inaccurate times.
  • Supply counts are checked every 10 seconds.